AoeStats
← Xanny

Hill Fort

504000478Analyzed
4v4 RM · 1mo ago on Sep 3, 2026· 53m 15s· 8 players
Game mode
Random Map
Map size
Large (8 player)
Population
200
Speed
Normal
Resources
Standard
Victory
Conquest
Starting age
Dark Age
Ending age
Imperial Age
RankedLock teamsTeams togetherTeam positionsShared explorationLock speedFull tech treeHidden civsTurbo modeCheats
Victory
Defeat
🇨🇳 Bohemians · China
1490
+13
🇩🇪 Persians · Germany
1462
+14
🇨🇦 Japanese · Canada
1367
+18
🇮🇩 Portuguese · Indonesia
1286
+22
🇺🇸 Goths · United States
1437
-18
🇨🇳 Italians · China
1431
-17
🇦🇺 Gurjaras · Australia
1418
-17
🇨🇳 Malay · China
1387
-15
适才相戏尔
9:50 Feudal Age
9:29 Double-Bit Axe
11:42 Fishing Lines
17:17 Wheelbarrow
18:07 Stone Mining
22:00 Castle Age
20:26 Gold Mining
20:20 Horse Collar
21:46 Gillnets
21:43 Loom
22:09 Bow Saw
23:14 Stone Shaft Mining
24:02 Gold Shaft Mining
24:43 Heavy Plow
25:02 Hand Cart
28:04 Imperial Age
27:53 Forging
27:45 Squires
28:26 Elite Karambit Warrior
29:29 Conscription
35:16 Arson
37:52 Thalassocracy
38:39 Crop Rotation
39:06 Iron Casting
40:48 Blast Furnace
39:57 Forced Levy
40:24 Fletching
41:09 Pikeman
41:09 Man-at-Arms
42:35 Long Swordsman
42:35 Halberdier
43:33 Two-Handed Swordsman
45:24 Guilds
47:41 Town Watch
51:58 Bodkin Arrow
DarkPaladinX
9:16 Feudal Age
9:55 Man-at-Arms
16:12 Town Watch
19:25 Castle Age
17:24 Horse Collar
18:02 Double-Bit Axe
18:45 Gold Mining
19:24 Scale Mail Armor
20:31 Long Swordsman
24:57 Loom
26:04 Anarchy
36:50 Chain Mail Armor
37:54 Forging
41:13 Bow Saw
41:45 Pikeman
45:04 Imperial Age
45:46 Wheelbarrow
46:11 Iron Casting
45:08 Halberdier
47:13 Conscription
46:54 Perfusion
48:00 Squires
棒总
10:51 Feudal Age
15:19 Castle Age
13:42 Double-Bit Axe
14:12 Horse Collar
14:43 Loom
17:53 Fletching
18:17 Gold Mining
19:47 Padded Archer Armor
26:23 Wheelbarrow
27:21 Hand Cart
28:20 Bodkin Arrow
32:40 Imperial Age
30:30 Stone Mining
31:09 Bow Saw
31:50 Ballistics
32:17 Stone Shaft Mining
32:09 Leather Archer Armor
32:28 Squires
32:14 Arson
33:41 Conscription
34:28 Chemistry
34:41 Heavy Plow
34:06 Crossbowman
34:51 Thumb Ring
36:36 Crop Rotation
38:01 Bracer
38:32 Ring Archer Armor
40:31 Elite Genoese Crossbowman
42:47 Scale Barding Armor
42:53 Forging
43:06 Bloodlines
42:17 Light Cavalry
43:32 Hussar
44:13 Husbandry
45:45 Chain Barding Armor
46:01 Iron Casting
MegaPanda
2:39 Loom
10:12 Feudal Age
11:18 Double-Bit Axe
14:41 Horse Collar
20:56 Castle Age
19:40 Bloodlines
19:55 Scale Barding Armor
22:19 Bow Saw
22:11 Heavy Plow
24:30 Light Cavalry
25:10 Husbandry
33:19 Heavy Plow
34:59 Wheelbarrow
38:54 Imperial Age
37:42 Kshatriyas
37:48 Thumb Ring
38:10 Ballistics
37:46 Fletching
37:58 Padded Archer Armor
38:36 Hand Cart
39:09 Gold Mining
41:26 Bodkin Arrow
42:23 Bracer
43:09 Leather Archer Armor
44:51 Chemistry
45:52 Frontier Guards
45:43 Elite Elephant Archer
TowersAreArmy
10:34 Feudal Age
14:36 Castle Age
13:04 Double-Bit Axe
13:00 Horse Collar
15:56 Bow Saw
17:00 Wheelbarrow
17:15 Heavy Plow
20:21 Loom
20:23 Town Watch
22:27 Guard Tower
22:30 Fletching
23:22 Bodkin Arrow
24:26 Ballistics
30:12 Imperial Age
27:33 Treadmill Crane
27:50 Murder Holes
29:10 Scale Mail Armor
29:20 Forging
30:08 Yasama
30:55 Hand Cart
31:00 Bracer
31:59 Keep
33:17 Conscription
33:13 Chain Mail Armor
33:44 Arrowslits
34:59 Chemistry
34:24 Elite Samurai
35:53 Plate Mail Armor
35:46 Masonry
36:29 Kataparuto
37:10 Iron Casting
37:41 Padded Archer Armor
38:42 Blast Furnace
37:44 Elite Skirmisher
38:32 Thumb Ring
39:35 Leather Archer Armor
41:54 Ring Archer Armor
42:02 Caravan
42:19 Man-at-Arms
42:44 Gambesons
42:59 Squires
42:45 Arson
43:18 Pikeman
43:18 Long Swordsman
43:55 Halberdier
43:56 Two-Handed Swordsman
45:08 Champion
47:36 Heavy Cavalry Archer
48:41 Parthian Tactics
50:33 Two-Man Saw
50:54 Husbandry
51:04 Bloodlines
hermelin*?
9:21 Feudal Age
12:06 Loom
16:40 Castle Age
14:44 Horse Collar
15:18 Double-Bit Axe
17:31 Bow Saw
18:12 Fletching
19:42 Town Watch
26:37 Gold Mining
28:08 Wheelbarrow
32:06 Imperial Age
30:24 Heavy Plow
30:16 Stone Mining
31:01 Gold Shaft Mining
31:59 Husbandry
32:09 Bloodlines
32:06 Scale Barding Armor
32:12 Forging
31:53 Cavalier
37:19 Chain Barding Armor
37:59 Iron Casting
38:29 Plate Barding Armor
38:33 Conscription
39:07 Caravan
39:38 Coinage
39:18 Guilds
41:01 Banking
42:36 Blast Furnace
41:25 Savar
42:35 Bodkin Arrow
42:44 Kamandaran
45:00 Capped Ram
46:29 Crop Rotation
46:44 Siege Ram
53:45 Citadels
虎!虎!虎!
9:29 Loom
12:28 Feudal Age
16:46 Castle Age
15:48 Double-Bit Axe
16:30 Horse Collar
18:43 Wheelbarrow
19:05 Bow Saw
23:43 Heavy Plow
24:06 Demolition Ship
26:17 Town Watch
32:46 Hand Cart
32:44 Fervor
32:55 Sanctity
38:20 Imperial Age
36:12 Padded Archer Armor
37:38 Leather Archer Armor
38:40 Chemistry
40:42 Imperial Age
43:20 Two-Man Saw
43:07 Siege Engineers
43:35 Ring Archer Armor
44:20 Houfnice
44:51 Treadmill Crane
46:02 Wagenburg Tactics
46:18 Conscription
48:24 Fletching
48:41 Caravan
48:52 Guilds
Xanny
10:18 Feudal Age
12:38 Double-Bit Axe
12:53 Horse Collar
20:33 Castle Age
18:50 Fletching
19:07 Padded Archer Armor
19:20 Loom
20:31 Gold Mining
21:22 Thumb Ring
20:38 Crossbowman
24:05 Bodkin Arrow
25:42 Bow Saw
25:34 Heavy Plow
32:13 Wheelbarrow
36:54 Imperial Age
34:22 Stone Mining
34:50 Treadmill Crane
35:30 Ballistics
36:22 Hand Cart
37:03 Stone Shaft Mining
38:41 Chemistry
38:00 Leather Archer Armor
39:09 Ring Archer Armor
40:15 Arquebus
43:32 Conscription
44:24 Bracer
46:40 Two-Man Saw
50:04 Circumnavigation
52:17 Guilds
52:47 Masonry
52:43 Siege Engineers
52:33 Murder Holes
Connection lost

Rejoining the realm…

Still unreachable

The connection could not be restored.

Session expired

The server has moved on; the page needs a fresh start.